| TOP OF THE 1ST |
|
Salem-Keizer Volcanoes batting - Pitching for Los Angeles (NYP) Dodgers : LHP Cao-Ky Trieu
|
|
Pitching: LHP Cao-Ky Trieu
|
|
|
Batting: RHB Mario Mendoza
|
0-0: Called Strike 0-1: Ball 1-1: Called Strike 1-2: Ball 2-2: Ground out 6-3 (Groundball, 6M, EV 85.0 MPH)
|
|
Batting: LHB Chris Raymond
|
0-0: Fly out, F7 (Flyball, 7, EV 71.9 MPH)
|
|
Batting: LHB Ben Radach
|
0-0: Ball 1-0: Ball 2-0: Ball 3-0: Base on Balls
|
|
Batting: RHB Tony Logan
|
0-0: Hit by Pitch Ben Radach to second
|
|
Batting: RHB Ryan Roberts
|
0-0: Ground out 5-3 (Groundball, 56S, EV 70.6 MPH)
|
| Top of the 1st over - 0 runs, 0 hits, 0 errors, 2 left on base; Salem-Keizer 0 - Los Angeles (NYP) 0 |
| BOTTOM OF THE 1ST |
|
Los Angeles (NYP) Dodgers batting - Pitching for Salem-Keizer Volcanoes : RHP Allen Vesey
|
|
Pitching: RHP Allen Vesey
|
|
|
Batting: SHB Guy Jerome
|
0-0: Ball 1-0: Ball 2-0: Foul Ball, location: 2F 2-1: SINGLE (Line Drive, 9S, EV 98.1 MPH)
|
|
Batting: RHB Justin Van Houten
|
0-0: Foul Ball, location: 2F 0-1: Ball 1-1: Ball 2-1: Fielders Choice at 2nd, 5-4 (Groundball, 5, EV 102.5 MPH)
|
|
Batting: LHB Conor Bailey
|
0-0: Ball 1-0: Called Strike 1-1: SINGLE (Groundball, P, EV 82.5 MPH) (infield hit) Justin Van Houten to second
|
|
Batting: LHB Randy Stapleton
|
0-0: Called Strike Justin Van Houten steals 3rd base 0-1: Ball 1-1: 3-RUN HOME RUN (Flyball, 7D, EV 98.1 MPH), Distance : 384 ft
|
|
Batting: SHB Marcos Cortez
|
0-0: Foul Ball, location: 2F 0-1: Ground out 4-3 (Groundball, 4S, EV 86.9 MPH)
|
|
Batting: RHB Cory Bonham
|
0-0: Called Strike 0-1: DOUBLE (Line Drive, 7LS, EV 96.2 MPH)
|
|
Batting: SHB Dave Reynoso
|
0-0: Ball 1-0: Called Strike 1-1: Ground out 4-3 (Groundball, 4, EV 111.9 MPH)
|
| Bottom of the 1st over - 3 runs, 4 hits, 0 errors, 1 left on base; Salem-Keizer 0 - Los Angeles (NYP) 3 |
| TOP OF THE 2ND |
|
Salem-Keizer Volcanoes batting - Pitching for Los Angeles (NYP) Dodgers : LHP Cao-Ky Trieu
|
|
Batting: RHB Shinji Aizawa
|
0-0: Called Strike 0-1: Ball 1-1: Foul Ball, location: 2F 1-2: SINGLE (Line Drive, 9S, EV 105.6 MPH)
|
|
Batting: LHB Joe Hoover
|
0-0: Ball Pickoff Throw to First - Out! 1-3 1-0: Ground out 4-3 (Groundball, 4, EV 93.1 MPH)
|
|
Batting: LHB John Dietrich
|
0-0: Ground out 3-1 (Groundball, 34, EV 83.1 MPH)
|
| Top of the 2nd over - 0 runs, 1 hit, 0 errors, 0 left on base; Salem-Keizer 0 - Los Angeles (NYP) 3 |
| BOTTOM OF THE 2ND |
|
Los Angeles (NYP) Dodgers batting - Pitching for Salem-Keizer Volcanoes : RHP Allen Vesey
|
|
Batting: RHB Frank Elizondo
|
0-0: Called Strike 0-1: Swinging Strike 0-2: Ball 1-2: Strikes out swinging
|
|
Batting: RHB Yok-sing Zhào
|
0-0: Ball 1-0: Called Strike 1-1: Fly out, F9 (Flyball, 9, EV 85.6 MPH)
|
|
Batting: SHB Guy Jerome
|
0-0: Foul Ball, location: 2F 0-1: Foul Ball, location: 2F 0-2: Ball 1-2: Ball 2-2: TRIPLE (Flyball, 9D, EV 90.0 MPH)
|
|
Batting: RHB Justin Van Houten
|
0-0: Foul Ball, location: 2F 0-1: Foul Ball, location: 2F 0-2: Ball 1-2: Fly out, F4 (Line Drive, 34, EV 71.9 MPH)
|
| Bottom of the 2nd over - 0 runs, 1 hit, 0 errors, 1 left on base; Salem-Keizer 0 - Los Angeles (NYP) 3 |
| TOP OF THE 3RD |
|
Salem-Keizer Volcanoes batting - Pitching for Los Angeles (NYP) Dodgers : LHP Cao-Ky Trieu
|
|
Batting: RHB Lee Deason
|
0-0: Ball 1-0: Ground out 5-3 (Groundball, 56S, EV 73.8 MPH)
|
|
Batting: RHB Mario Mendoza
|
0-0: Ball 1-0: Called Strike 1-1: Swinging Strike 1-2: DOUBLE (Line Drive, 7LS, EV 95.6 MPH)
|
|
Batting: LHB Chris Raymond
|
0-0: Ball Mario Mendoza steals 3rd base 1-0: Ball 2-0: Swinging Strike 2-1: Ball 3-1: SINGLE (Groundball, 4MD, EV 102.5 MPH) Mario Mendoza scores
|
|
Batting: LHB Ben Radach
|
0-0: Ball Chris Raymond steals 2nd base 1-0: Ball 2-0: Ball 3-0: Called Strike 3-1: Base on Balls
|
|
Batting: RHB Tony Logan
|
0-0: Called Strike 0-1: Ball 1-1: SINGLE (Groundball, 6MD, EV 101.2 MPH) Chris Raymond to third Ben Radach to second Runner from 3rd tries for Home, SAFE, throw by CF to home
|
|
Batting: RHB Ryan Roberts
|
0-0: Ball 1-0: Called Strike 1-1: Ball 2-1: Swinging Strike 2-2: Strikes out swinging
|
|
Batting: RHB Shinji Aizawa
|
0-0: Foul Ball, location: 2F 0-1: SINGLE (Line Drive, 5D, EV 101.2 MPH) Ben Radach to third Tony Logan to second Runner from 3rd tries for Home, SAFE, throw by LF to home
|
|
Batting: LHB Joe Hoover
|
0-0: Swinging Strike 0-1: Foul Ball, location: 2F 0-2: Ball 1-2: Foul Ball, location: 2F 1-2: Foul Ball, location: 2F 1-2: Ball 2-2: Ball 3-2: SINGLE (Groundball, 15S, EV 71.9 MPH) (infield hit) Tony Logan to third Shinji Aizawa to second
|
|
Batting: LHB John Dietrich
|
0-0: Called Strike 0-1: Ball 1-1: Ground out 4-3 (Groundball, 4, EV 86.9 MPH)
|
| Top of the 3rd over - 3 runs, 5 hits, 0 errors, 3 left on base; Salem-Keizer 3 - Los Angeles (NYP) 3 |
| BOTTOM OF THE 3RD |
|
Los Angeles (NYP) Dodgers batting - Pitching for Salem-Keizer Volcanoes : RHP Allen Vesey
|
|
Batting: LHB Conor Bailey
|
0-0: Ball 1-0: Called Strike 1-1: Ground out 4-3 (Groundball, 4, EV 106.9 MPH)
|
|
Batting: LHB Randy Stapleton
|
0-0: Fly out, F7 (Flyball, 78S, EV 95.6 MPH)
|
|
Batting: SHB Marcos Cortez
|
0-0: Called Strike 0-1: Ball 1-1: Ball 2-1: Hit by Pitch
|
|
Batting: RHB Cory Bonham
|
0-0: Called Strike 0-1: Ball 1-1: Reached on error, E5 (Groundball, 5S, EV 77.5 MPH) Marcos Cortez to second
|
|
Batting: SHB Dave Reynoso
|
0-0: Ball 1-0: Ball 2-0: Called Strike 2-1: Swinging Strike 2-2: Ball 3-2: Ground out 6-3 (Groundball, 6M, EV 103.8 MPH)
|
| Bottom of the 3rd over - 0 runs, 0 hits, 1 error, 2 left on base; Salem-Keizer 3 - Los Angeles (NYP) 3 |
| TOP OF THE 4TH |
|
Salem-Keizer Volcanoes batting - Pitching for Los Angeles (NYP) Dodgers : LHP Cao-Ky Trieu
|
|
Batting: RHB Lee Deason
|
0-0: Called Strike 0-1: Foul Ball, location: 2F 0-2: Ball 1-2: Ground out 1-3 (Groundball, 15, EV 70.6 MPH)
|
|
Pitching: RHP Willie Becerra
|
|
|
Batting: RHB Mario Mendoza
|
0-0: Ball 1-0: Ball 2-0: Called Strike 2-1: Foul Ball, location: 2F 2-2: Ground out 1-3 (Groundball, 13, EV 65.6 MPH)
|
|
Batting: LHB Chris Raymond
|
0-0: Ground out 6-3 (Groundball, 6S, EV 87.5 MPH)
|
| Top of the 4th over - 0 runs, 0 hits, 0 errors, 0 left on base; Salem-Keizer 3 - Los Angeles (NYP) 3 |
| BOTTOM OF THE 4TH |
|
Los Angeles (NYP) Dodgers batting - Pitching for Salem-Keizer Volcanoes : RHP Allen Vesey
|
|
Batting: RHB Frank Elizondo
|
0-0: Called Strike 0-1: Ball 1-1: Fly out, F9 (Flyball, 9LSF, EV 88.1 MPH)
|
|
Batting: RHB Yok-sing Zhào
|
0-0: Foul Ball, location: 2F 0-1: SINGLE (Groundball, 56D, EV 96.2 MPH)
|
|
Batting: SHB Guy Jerome
|
0-0: DOUBLE (Flyball, 8RXD, EV 96.9 MPH) Yok-sing Zhào to third
|
|
Batting: RHB Justin Van Houten
|
0-0: Ball 1-0: Ball 2-0: Ball 3-0: Called Strike 3-1: Foul Ball, location: 2F 3-2: Foul Ball, location: 2F 3-2: Foul Ball, location: 2F 3-2: Fly out, F9 (Flyball, 89M, EV 88.1 MPH)
|
|
Batting: LHB Conor Bailey
|
0-0: Foul Ball, location: 2F 0-1: Ball 1-1: Ball 2-1: Called Strike 2-2: Ball 3-2: Base on Balls
|
|
Batting: LHB Randy Stapleton
|
0-0: Ball 1-0: Ball 2-0: Ball 3-0: Called Strike 3-1: SINGLE (Flyball, 34D, EV 84.4 MPH) Yok-sing Zhào scores Guy Jerome to third Conor Bailey to second Runner from 3rd tries for Home, SAFE, throw by RF to home
|
|
Pitching: LHP Eric Larsen
|
|
|
Batting: SHB Marcos Cortez
|
0-0: Called Strike 0-1: Called Strike 0-2: Strikes out swinging
|
| Bottom of the 4th over - 2 runs, 3 hits, 0 errors, 2 left on base; Salem-Keizer 3 - Los Angeles (NYP) 5 |
| TOP OF THE 5TH |
|
Salem-Keizer Volcanoes batting - Pitching for Los Angeles (NYP) Dodgers : RHP Willie Becerra
|
|
Batting: LHB Ben Radach
|
0-0: Ball 1-0: Ball 2-0: Called Strike 2-1: Foul Ball, location: 2F 2-2: Ball 3-2: Base on Balls
|
|
Batting: RHB Tony Logan
|
0-0: Ball 1-0: 2-RUN HOME RUN (Line Drive, 7D, EV 105.0 MPH), Distance : 406 ft
|
|
Batting: RHB Ryan Roberts
|
0-0: Ground out 4-3 (Groundball, 4, EV 108.1 MPH)
|
|
Batting: RHB Shinji Aizawa
|
0-0: Ball 1-0: Called Strike 1-1: Ball 2-1: DOUBLE (Line Drive, 5D, EV 106.2 MPH)
|
|
Batting: LHB Joe Hoover
|
0-0: Ball 1-0: Ball 2-0: Called Strike 2-1: Reached on error, E4 (Groundball, 4, EV 85.0 MPH) Shinji Aizawa to third
|
|
Batting: LHB John Dietrich
|
0-0: Ball Joe Hoover steals 2nd base 1-0: Foul Ball, location: 2F 1-1: Fly out, F8 (Flyball, 78S, EV 83.8 MPH)
|
|
Batting: RHB Lee Deason
|
0-0: Ball 1-0: Foul Ball, location: 2F 1-1: Fly out, F7 (Flyball, 78S, EV 75.6 MPH)
|
| Top of the 5th over - 2 runs, 2 hits, 1 error, 2 left on base; Salem-Keizer 5 - Los Angeles (NYP) 5 |
| BOTTOM OF THE 5TH |
|
Los Angeles (NYP) Dodgers batting - Pitching for Salem-Keizer Volcanoes : LHP Eric Larsen
|
|
Batting: RHB Cory Bonham
|
0-0: Called Strike 0-1: Called Strike 0-2: Strikes out swinging
|
|
Batting: SHB Dave Reynoso
|
0-0: Called Strike 0-1: Swinging Strike 0-2: Ball 1-2: SINGLE (Groundball, 56S, EV 68.1 MPH) (infield hit)
|
|
Batting: RHB Frank Elizondo
|
0-0: Called Strike Dave Reynoso is caught stealing 2nd base 2-4 0-1: Swinging Strike 0-2: Strikes out looking
|
| Bottom of the 5th over - 0 runs, 1 hit, 0 errors, 0 left on base; Salem-Keizer 5 - Los Angeles (NYP) 5 |
| TOP OF THE 6TH |
|
Salem-Keizer Volcanoes batting - Pitching for Los Angeles (NYP) Dodgers : RHP Willie Becerra
|
|
Batting: RHB Mario Mendoza
|
0-0: Ball 1-0: Ball 2-0: Called Strike 2-1: Swinging Strike 2-2: Strikes out swinging
|
|
Batting: LHB Chris Raymond
|
0-0: Swinging Strike 0-1: Called Strike 0-2: Strikes out swinging
|
|
Batting: LHB Ben Radach
|
0-0: Swinging Strike 0-1: Ball 1-1: Foul Ball, location: 2F 1-2: Ball 2-2: Ball 3-2: Base on Balls
|
|
Batting: RHB Tony Logan
|
0-0: Foul Ball, location: 2F 0-1: Ball 1-1: Ball 2-1: Swinging Strike 2-2: Ball 3-2: Foul Ball, location: 2F 3-2: Base on Balls Ben Radach to second
|
|
Pinch Hitting: LHB Adrian Navarro
|
0-0: 3-RUN HOME RUN (Flyball, 9D, EV 103.1 MPH), Distance : 421 ft
|
|
Pitching: RHP Alfredo Sanchez
|
|
|
Batting: RHB Shinji Aizawa
|
0-0: Ball 1-0: Foul Ball, location: 2F 1-1: Foul Ball, location: 2F 1-2: Strikes out swinging
|
| Top of the 6th over - 3 runs, 1 hit, 0 errors, 0 left on base; Salem-Keizer 8 - Los Angeles (NYP) 5 |
| BOTTOM OF THE 6TH |
|
Los Angeles (NYP) Dodgers batting - Pitching for Salem-Keizer Volcanoes : LHP Eric Larsen
|
|
Now in RF: Andy Cunningham
|
|
|
Batting: RHB Yok-sing Zhào
|
0-0: Ground out 4-3 (Groundball, 4, EV 108.1 MPH)
|
|
Batting: SHB Guy Jerome
|
0-0: Ball 1-0: Foul Ball, location: 2F 1-1: Hit by Pitch
|
|
Batting: RHB Justin Van Houten
|
0-0: Ball 1-0: Ball 2-0: Called Strike 2-1: Swinging Strike 2-2: Fly out, F7 (Flyball, 7, EV 91.2 MPH)
|
|
Batting: LHB Conor Bailey
|
0-0: Called Strike 0-1: Ball 1-1: Foul Ball, location: 2F 1-2: Fly out, F8 (Flyball, 89M, EV 90.6 MPH)
|
| Bottom of the 6th over - 0 runs, 0 hits, 0 errors, 1 left on base; Salem-Keizer 8 - Los Angeles (NYP) 5 |
| TOP OF THE 7TH |
|
Salem-Keizer Volcanoes batting - Pitching for Los Angeles (NYP) Dodgers : RHP Alfredo Sanchez
|
|
Pitching: RHP Bobby Altamirano
|
|
|
Batting: LHB Joe Hoover
|
0-0: Foul Ball, location: 2F 0-1: Swinging Strike 0-2: Ball 1-2: Foul Ball, location: 2F 1-2: Ball 2-2: Ball 3-2: Base on Balls
|
|
Batting: LHB John Dietrich
|
0-0: Called Strike Joe Hoover steals 2nd, throwing error, E2 Joe Hoover to third 0-1: Fly out, F9 (Flyball, 9LM, EV 90.6 MPH) Runner from 3rd tags up, SCORES, throw by RF
|
|
Batting: RHB Lee Deason
|
0-0: Foul Ball, location: 2F 0-1: Foul Ball, location: 2F 0-2: Foul Ball, location: 2F 0-2: Ball 1-2: Foul Ball, location: 2F 1-2: Ball 2-2: Fly out, F7 (Flyball, 78S, EV 78.8 MPH)
|
|
Batting: RHB Mario Mendoza
|
0-0: Ball 1-0: Foul Ball, location: 2F 1-1: Called Strike 1-2: Strikes out swinging
|
| Top of the 7th over - 1 run, 0 hits, 1 error, 0 left on base; Salem-Keizer 9 - Los Angeles (NYP) 5 |
| BOTTOM OF THE 7TH |
|
Los Angeles (NYP) Dodgers batting - Pitching for Salem-Keizer Volcanoes : LHP Eric Larsen
|
|
Now in LF: Mario Mendoza
|
|
|
Now in CF: Houston Brock
|
|
|
Batting: LHB Randy Stapleton
|
0-0: Called Strike 0-1: Ball 1-1: Ground out 5-3 (Groundball, 5, EV 85.0 MPH)
|
|
Batting: SHB Marcos Cortez
|
0-0: Ball 1-0: Ground out 1-3 (Groundball, 15, EV 68.8 MPH)
|
|
Batting: RHB Cory Bonham
|
0-0: Ball 1-0: Ball 2-0: Ball 3-0: Called Strike 3-1: Fly out, F8 (Flyball, 8RM, EV 92.5 MPH)
|
| Bottom of the 7th over - 0 runs, 0 hits, 0 errors, 0 left on base; Salem-Keizer 9 - Los Angeles (NYP) 5 |
| TOP OF THE 8TH |
|
Salem-Keizer Volcanoes batting - Pitching for Los Angeles (NYP) Dodgers : RHP Bobby Altamirano
|
|
Batting: LHB Chris Raymond
|
0-0: Ball 1-0: Swinging Strike 1-1: Called Strike 1-2: Strikes out swinging
|
|
Batting: LHB Ben Radach
|
0-0: Ball 1-0: Called Strike 1-1: Foul Ball, location: 2F 1-2: Strikes out swinging
|
|
Batting: RHB Tony Logan
|
0-0: Ball 1-0: Called Strike 1-1: Ball 2-1: TRIPLE (Line Drive, 89XD, EV 106.9 MPH)
|
|
Batting: RHB Andy Cunningham
|
0-0: Foul Ball, location: 2F 0-1: Ball 1-1: Foul Ball, location: 2F 1-2: Ball 2-2: Ground out 5-3 (Groundball, 5, EV 103.1 MPH)
|
| Top of the 8th over - 0 runs, 1 hit, 0 errors, 1 left on base; Salem-Keizer 9 - Los Angeles (NYP) 5 |
| BOTTOM OF THE 8TH |
|
Los Angeles (NYP) Dodgers batting - Pitching for Salem-Keizer Volcanoes : LHP Eric Larsen
|
|
Now at 1B: J.R. Roberts
|
|
|
Now at SS: Jim Begger
|
|
|
Batting: SHB Dave Reynoso
|
0-0: Called Strike 0-1: Ground out 1-3 (Groundball, 15S, EV 66.2 MPH)
|
|
Batting: RHB Frank Elizondo
|
0-0: Foul Ball, location: 2F 0-1: Called Strike 0-2: Foul Ball, location: 2F 0-2: Ball 1-2: Ground out 4-3 (Groundball, 4, EV 94.4 MPH)
|
|
Batting: RHB Yok-sing Zhào
|
0-0: Ball 1-0: Ball 2-0: Ball 3-0: Base on Balls
|
|
Pitching: RHP Loeck Bakker
|
|
|
Batting: SHB Guy Jerome
|
0-0: Ball 1-0: Foul Ball, location: 2F 1-1: Ball 2-1: Ball 3-1: Base on Balls Yok-sing Zhào to second
|
|
Batting: RHB Justin Van Houten
|
0-0: Ball 1-0: Ground out 4-3 (Groundball, 4, EV 80.0 MPH)
|
| Bottom of the 8th over - 0 runs, 0 hits, 0 errors, 2 left on base; Salem-Keizer 9 - Los Angeles (NYP) 5 |
| TOP OF THE 9TH |
|
Salem-Keizer Volcanoes batting - Pitching for Los Angeles (NYP) Dodgers : RHP Bobby Altamirano
|
|
Pinch Hitting: LHB Tom Reynolds
|
0-0: Ball 1-0: Called Strike 1-1: Ball 2-1: Ball 3-1: Called Strike 3-2: Base on Balls
|
|
Batting: RHB Houston Brock
|
0-0: Sac Bunt to 15S - play at first, batter OUT! 1-3 Tom Reynolds to second
|
|
Batting: LHB John Dietrich
|
0-0: Called Strike 0-1: Called Strike 0-2: Ball 1-2: Ball 2-2: Fly out, F9 (Flyball, 9LS, EV 93.8 MPH)
|
|
Pitching: RHP Jeremy Pollom
|
|
|
Batting: RHB Lee Deason
|
0-0: SINGLE (Line Drive, 9LS, EV 86.9 MPH) Tom Reynolds to third Runner from 3rd tries for Home, SAFE, throw by RF to home
|
|
Batting: RHB Mario Mendoza
|
0-0: Ball Lee Deason steals 2nd base 1-0: Ground out 6-3 (Groundball, 6M, EV 88.1 MPH)
|
| Top of the 9th over - 1 run, 1 hit, 0 errors, 1 left on base; Salem-Keizer 10 - Los Angeles (NYP) 5 |
| BOTTOM OF THE 9TH |
|
Los Angeles (NYP) Dodgers batting - Pitching for Salem-Keizer Volcanoes : RHP Loeck Bakker
|
|
Now at 2B: Curtis Thompson
|
|
|
Now at 3B: Lee Deason
|
|
|
Batting: LHB Conor Bailey
|
0-0: Ball 1-0: Called Strike 1-1: Called Strike 1-2: Ball 2-2: SINGLE (Groundball, 6M, EV 98.1 MPH)
|
|
Batting: LHB Randy Stapleton
|
0-0: Fielders Choice at 2nd, 4-6 (Groundball, 4, EV 82.5 MPH)
|
|
Batting: SHB Marcos Cortez
|
0-0: Ball 1-0: Fly out, F9 (Line Drive, 9LM, EV 103.1 MPH)
|
|
Batting: RHB Cory Bonham
|
0-0: Fielders Choice at 2nd, 6-4 (Groundball, 6, EV 88.1 MPH)
|
| Bottom of the 9th over - 0 runs, 1 hit, 0 errors, 1 left on base; Salem-Keizer 10 - Los Angeles (NYP) 5 |
|